 Dungeon Crawl Stone Soup version 0.26-a0-958-gf3041fb45f (webtiles) character file.

Game seed: 11410373091270639468

15 Dracia the Vexing (level 2, 0/16 HPs)
             Began as a Kobold Arcane Marksman on Dec 1, 2020.
             Slain by a hobgoblin
             ... wielding a +0 club
              (2 damage)
             ... on level 1 of the Dungeon.
             The game lasted 00:01:24 (648 turns).

Dracia the Vexing (Kobold Arcane Marksman)           Turns: 648, Time: 00:01:25

Health: 0/16       AC:  2    Str:  7    XL:     2   Next: 65%
Magic:  3/3        EV: 15    Int: 14    God:
Gold:   70         SH:  0    Dex: 15    Spells: 0/3 levels left

rFire    . . .     SeeInvis .   f - +0 dagger
rCold    . . .     Faith    .   (shield restricted)
rNeg     . . .     Spirit   .   e - +0 robe
rPois    .         Reflect  .   (no helmet)
rElec    .         Harm     .   (no cloak)
rCorr    .         Rampage  .   (no gloves)
MR       .....                  (no boots)
Stlth    ++........             (no amulet)
HPRegen  0.05/turn              (no ring)
MPRegen  0.08/turn              (no ring)

@: no status effects
A: small, nightstalker 3
a: no special abilities


You were on level 1 of the Dungeon.
You visited 1 branch of the dungeon, and saw 1 of its levels.

You collected 70 gold pieces.


Innate Abilities, Weirdness & Mutations

You are small and have problems with some larger weapons.
You are completely attuned to the shadows.


   Skills:
 - Level 1.1 Fighting
 - Level 2.4 Crossbows
 - Level 2.4 Dodging
 - Level 1.1 Spellcasting
 + Level 3.8 Hexes


You couldn't memorise any spells.
You knew the following spells:

 Your Spells              Type           Power        Failure   Level
a - Corona                Hex            ##.....      5%          1
b - Slow                  Hex            ##......     9%          2

Your spell library contained the following spells:

 Spells                   Type           Power        Failure   Level
 Inner Flame              Hex/Fire       #.......     34%         3
 Portal Projectile        Hex/Tloc       #.....       34%         3
 Cause Fear               Hex            ##........   47%         4
 Leda's Liquefaction      Hex/Erth       #.........   75%         4

Inventory:

Hand Weapons
 a - a +0 hand crossbow
 f - a +0 dagger (weapon)
Missiles
 d - 14 bolts (quivered)
Armour
 e - a +0 robe (worn)
Scrolls
 b - a scroll of fog {unknown}
 c - a scroll of magic mapping {unknown}

Dungeon Overview and Level Annotations

Branches:
Dungeon (1/15)

Altars:

#####
#.####...############
...w@....†...........
...g##...#######.....
.... #...# #.....
....##...#######.....
.....................
..############....# .
#....# #########....#
#............#


You could see a dart slug and a hobgoblin.


Message History

The dart slug is moderately wounded.
The dart slug barely misses you.
You hit the dart slug but do no damage.
The dart slug is moderately wounded.
You hit the dart slug.
The dart slug is heavily wounded.
The dart slug bites you.
You hit the dart slug.
The dart slug is heavily wounded.
The hobgoblin barely misses you.
The dart slug bites you but does no damage.
You hit the dart slug.
The dart slug is severely wounded.
The hobgoblin misses you.
You hit the dart slug but do no damage.
The dart slug is severely wounded.
The dart slug bites you. The hobgoblin misses you.
You hit the dart slug.
The dart slug is almost dead.
The hobgoblin barely misses you. The dart slug launches a dart at you.
The slug dart hits you!
* * * LOW HITPOINT WARNING * * *
You are too injured to fight recklessly!
You are too injured to fight recklessly!
You are too injured to fight recklessly!
You hit the dart slug but do no damage.
The dart slug is almost dead.
The hobgoblin hits you with a +0 club.
You die...

Action                   || total
-------------------------++-------
Melee: Dagger            ||    16
 Fire: Hand crossbow     ||    33
Armor: Robe              ||     9
Dodge: Dodged            ||    24

Levels and vault maps discovered:
D:1:      lemuel_arrival_river_ford, layout_basic

Notes
Turn   | Place    | Note
-------+----------+-------------------------------------------
     0 | D:1      | Dracia the Kobold Arcane Marksman began the quest for the
                  | Orb.
     0 | D:1      | Reached XP level 1. HP: 12/12 MP: 2/2
    55 | D:1      | Reached XP level 2. HP: 16/16 MP: 3/3
   534 | D:1      | Learned a level 2 spell: Slow
   648 | D:1      | Slain by a hobgoblin

Vanquished Creatures
  A giant cockroach (D:1)
  2 hobgoblins (D:1)
  3 jackals (D:1)
  2 bats (D:1)
  A frilled lizard (D:1)
  A goblin (D:1)
  2 kobolds (D:1)
  4 rats (D:1)
16 creatures vanquished.

Table legend: (Time is in decaauts)
 A = Elapsed time spent in this place.
 B = Non-inter-level travel time spent in this place.
 C = Inter-level travel time spent in this place.
 D = Time resting spent in this place.
 E = Time spent auto-exploring this place.
 F = Levels seen in this place.
 G = Mean time per level.
                   A        B        C        D        E       F      G
               +--------+--------+--------+--------+--------+-----+--------+
         Total |    662 |    641 |     21 |      0 |    533 |   1 |  662.0 |
       Dungeon |    662 |    641 |     21 |      0 |    533 |   1 |  662.0 |
               +--------+--------+--------+--------+--------+-----+--------+

Top non-repeatable levels by time:
     D:1: 662 daAuts

Table legend:
 A = Non-vault XP
 B = Vault XP
 C = Vault XP percentage of total XP
 D = Non-vault monster count
 E = Vault monster count
 F = Vault count percentage of total count
                 A         B        C        D         E       F
            +---------+---------+-------+---------+---------+-------
      Total |      22 |       0 |   0.0 |      16 |       0 |   0.0
            +---------+---------+-------+---------+---------+-------
        D:1 |      22 |       0 |   0.0 |      16 |       0 |   0.0
            +---------+---------+-------+---------+---------+-------
